 Dungeon Crawl Stone Soup version 0.28-a0-1415-g7c84da036a (webtiles) character file.

Game seed: 1503545747919239338

85 jbasstz the Chopper (level 4, 0/36 HPs)
             Began as a Human Berserker on Jan 7, 2022.
             Was a Believer of Trog.
             Slain by an orc priest (4 damage)
             ... on level 3 of the Dungeon.
             The game lasted 00:06:11 (3851 turns).

jbasstz the Chopper (Human Berserker)               Turns: 3851, Time: 00:06:12

Health: 0/36       AC:  6    Str: 20    XL:     4   Next: 75%
Magic:  4/4        EV: 10    Int:  7    God:    Trog [**....]
Gold:   91         SH:  0    Dex: 12    Spells: 3/3 levels left

rFire   . . .      SeeInvis .   a - +0 hand axe
rCold   . . .      Faith    .   (no shield)
rNeg    . . .      Spirit   .   l - +0 scale mail {Will+}
rPois   .          Reflect  .   (no helmet)
rElec   .          Harm     .   (no cloak)
rCorr   .          Rampage  .   (no gloves)
Will    +....                   (no boots)
Stlth   ..........              (no amulet)
HPRegen 0.12/turn               (no ring)
MPRegen 0.09/turn               (no ring)

@: no status effects
A: no striking features
a: Renounce Religion, Berserk, Trog's Hand


You were on level 3 of the Dungeon.
You worshipped Trog.
Trog was pleased with you.
You visited 1 branch of the dungeon, and saw 3 of its levels.

You collected 91 gold pieces.

Inventory:

Hand Weapons
 a - a +0 hand axe (weapon)
Armour
 l - a +0 scale mail of willpower (worn)
Scrolls
 c - 3 scrolls of identify {unknown}
 d - a scroll of enchant weapon {unknown}
 e - a scroll of amnesia {unknown}
 g - a scroll of acquirement {unknown}
 i - a scroll of blinking {unknown}
 k - a scroll of noise {unknown}
Potions
 f - 2 potions of degeneration {unknown}
 h - 2 potions of brilliance {unknown}


   Skills:
 + Level 3.6 Fighting
 + Level 4.0 Axes
 + Level 2.3 Armour
 + Level 2.6 Dodging
 + Level 0.4 Stealth


You had 3 spell levels left.
You didn't know any spells.
Your spell library was empty.

Dungeon Overview and Level Annotations

Branches:
Dungeon (3/15)

Altars:
Okawaru

Annotations:
D:3 Sigmund


Message History

You hit the hobgoblin.
You kill the hobgoblin!
Trog accepts your kill.
You see here a hobgoblin corpse.
You hear the rapid rusting of a drain very nearby.
An orc priest comes into view. It is wielding a +0 club.
The orc priest shouts!
You hear a shout!
The orc priest miscasts a cantrip.
An orc priest comes into view. It is wielding a +0 flail.
You hear a shout!
The orc priest looks braver for a moment.
Found a stone staircase leading down.
You hear the drain falling apart.
The orc priest mumbles some strange prayers to Beogh against you.
Beogh smites you!
The orc priest invokes the aid of Beogh against you.
Beogh smites you!
* * * LOW HITPOINT WARNING * * *
You see here a +0 chain mail.
The orc priest hits you but does no damage.
The orc priest looks braver for a moment.
You hit the orc priest. Your punch misses the orc priest.
The orc priest is moderately wounded.
You closely miss the orc priest.
The orc priest mumbles some strange prayers to Beogh against you.
You resist with some effort. The orc priest barely misses you.
You hit the orc priest.
The orc priest is heavily wounded.
You hit the orc priest.
The walls and floor vibrate strangely for a moment.
The orc priest hits you with a +0 club.
* * * LOW HITPOINT WARNING * * *
The orc priest hits you with a +0 flail.
* * * LOW HITPOINT WARNING * * *
You closely miss the orc priest. You punch the orc priest.
The orc priest is heavily wounded.
You hit the orc priest but do no damage.
The orc priest barely misses you.
The orc priest hits you with a +0 flail.
You die...

........###..##+# #...#
........####.##.# #...#
..............#.# #...#########
..............#.###...........#
#≈≈≈≈≈##......#...†...........#
#≈≈≈≈≈##............#.........+
.≈≈.....≈≈.....#......#.........#
.≈≈.....≈≈.....#oo....#.........#
.....∩..≈≈.....#@.....#.........#
b≈≈.....≈≈.....#[.....#.........#
.≈≈.....≈≈.....#......#...†......
. #≈≈≈≈≈##.....#......#.....#.♣.♣
.##≈≈≈≈≈##.#####......#..........
...≈.†≈....# #..#....###..♣.♣.♣
#....###########.>+....+.'....._.
#.............#####....###..♣.♣.♣
#.......†...........#............


You could see 2 orc priests.

Vanquished Creatures
  A gnoll (D:1)
  An adder (D:3)
  2 worms
  3 dart slugs
  An orc (D:2)
  5 ball pythons
  3 bats
  9 endoplasms
  2 giant cockroaches (D:3)
  6 goblins
  5 hobgoblins
  5 frilled lizards
  5 kobolds
  3 rats (D:1)
51 creatures vanquished.

Notes
Turn   | Place    | Note
-------+----------+-------------------------------------------
     0 | D:1      | jbasstz the Human Berserker began the quest for the Orb.
     0 | D:1      | Reached XP level 1. HP: 18/18 MP: 1/1
   155 | D:1      | Reached XP level 2. HP: 7/24 MP: 2/2
   782 | D:1      | Reached XP level 3. HP: 29/29 MP: 3/3
  1475 | D:1      | Reached ** piety under Trog
  2148 | D:2      | Reached XP level 4. HP: 28/35 MP: 4/4
  2917 | D:2      | Found a faded altar of an unknown god.
  3181 | D:3      | Noticed Sigmund
  3325 | D:3      | Found a glowing drain.
  3655 | D:3      | Found an iron altar of Okawaru.
  3676 | D:3      | Reached skill level 4 in Axes
  3851 | D:3      | Slain by an orc priest

Illustrated notes

Levels and vault maps discovered:
D:1:      dpeg_arrival_circle_labyrinth_c, layout_basic, minmay_misc_feat_x,
          minmay_crystal_water
D:2:      layout_basic, ebering_ecumenical_altar_abandoned
D:3:      layout_basic, mainiacjoe_overflow_alcove_2, okawaru_trees_1,
          cheibrodos_sewer_entry_sluice, uniq_sigmund, uniq_crazy_yiuf_cottage

Skill      XL: |  1  2  3  4 |
---------------+-------------+-----
Axes           | 4 |  4.0
Fighting       | |  3.6
Armour         | |  2.3
Dodging        | |  2.6
Stealth        | |  0.4

Action                   |  1- 3 |  4- 6 || total
-------------------------+-------+-------++-------
Melee: Hand axe          |    80 |    83 ||   163
       Punch             |     1 |     1 ||     2
Armor: Animal skin       |    13 |     4 ||    17
       Ring mail         |       |    12 ||    12
       Scale mail        |       |     4 ||     4
Dodge: Dodged            |    48 |    43 ||    91

Table legend: (Time is in decaauts)
 A = Elapsed time spent in this place.
 B = Non-inter-level travel time spent in this place.
 C = Inter-level travel time spent in this place.
 D = Time resting spent in this place.
 E = Time spent auto-exploring this place.
 F = Levels seen in this place.
 G = Mean time per level.
                   A        B        C        D        E       F      G
               +--------+--------+--------+--------+--------+-----+--------+
         Total |   3872 |   3872 |      0 |    959 |   2207 |   3 | 1290.7 |
       Dungeon |   3872 |   3872 |      0 |    959 |   2207 |   3 | 1290.7 |
               +--------+--------+--------+--------+--------+-----+--------+

Top non-repeatable levels by time:
     D:1: 1821 daAuts
     D:2: 1434 daAuts
     D:3: 616 daAuts
